 Dungeon Crawl Stone Soup version 0.28.0-45-g0d030f2227 (webtiles) character file.

Game seed: 126752232936997688

2963 pkoi the Destroyer (level 9, -1/64 HPs)
             Began as a Demigod Conjurer on Apr 18, 2022.
             Killed from afar by an electric eel (12 damage)
             ... with a bolt of electricity
             ... on level 8 of the Dungeon.
             The game lasted 00:14:02 (14899 turns).

pkoi the Destroyer (Demigod Conjurer)              Turns: 14899, Time: 00:14:02

Health: -1/64      AC:  7    Str:  8    XL:     9   Next: 27%
Magic:  12/17      EV: 12    Int: 32    God:
Gold:   410        SH:  0    Dex: 12    Spells: 3/14 levels left

rFire   . . .      SeeInvis .   e - +2 dagger (freeze)
rCold   . . .      Faith    .   (no shield)
rNeg    . . .      Spirit   .   a - +0 robe
rPois   .          Reflect  .   c - +0 helmet
rElec   .          Harm     .   j - +1 cloak {Will+}
rCorr   .          Rampage  .   v - +0 pair of gloves
Will    ++...                   r - +0 pair of boots
Stlth   ++........              (no amulet)
HPRegen 0.20/turn               h - ring of willpower
MPRegen 0.15/turn               (no ring)

@: no status effects
A: high MP 1, forlorn, divine attributes
a: no special abilities


You were on level 8 of the Dungeon.
You visited 1 branch of the dungeon, and saw 8 of its levels.
You also visited: Ossuary.

You collected 410 gold pieces.

Inventory:

Hand Weapons
 d - a +0 short sword
 e - a +2 dagger of freezing (weapon)
Missiles
 B - a throwing net
Armour
 a - a +0 robe (worn)
 c - a +0 helmet (worn)
 j - a +1 cloak of willpower (worn)
 r - a +0 pair of boots (worn)
 v - a +0 pair of gloves (worn)
Jewellery
 h - a ring of willpower (left hand)
 x - an amulet of reflection
 z - a ring of ice
Wands
 k - a wand of flame (54)
 w - a wand of digging (7)
 D - a wand of iceblast (12)
Scrolls
 b - 7 scrolls of identify
 f - 2 scrolls of enchant weapon
 l - a scroll of magic mapping
 n - a scroll of fear
 p - a scroll of brand weapon
 y - a scroll of teleportation {unknown}
 A - a scroll of enchant armour
 C - a scroll of blinking {unknown}
Potions
 g - a potion of resistance
 i - 2 potions of flight {unknown}
 m - a potion of mutation {unknown}
 o - 2 potions of heal wounds {unknown}
 q - 2 potions of invisibility {unknown}
 s - 3 potions of haste {unknown}
 t - a potion of curing
 u - 2 potions of ambrosia


   Skills:
 + Level 1.2 Fighting
 + Level 2.3 Dodging
 - Level 1.7 Stealth
 + Level 3.3 Spellcasting
 + Level 8.3 Conjurations
 + Level 6.2 Hexes
 - Level 6.0 Translocations


You had 3 spell levels left.
You knew the following spells:

 Your Spells              Type           Power      Damage    Failure   Level
a - Magic Dart            Conj           100%       1d8       1%          1
b - Searing Ray           Conj           100%       2d8       1%          2
c - Iskenderun's Mystic   Conj/Tloc      50%        2d11      3%          4
d - Fulminant Prism       Conj/Hex       25%        3d14      3%          4

Your spell library contained the following spells:

 Spells                   Type           Power      Damage    Failure   Level
 Dazzling Flash           Conj/Hex       100%       N/A       1%          3
 Conjure Flame            Conj/Fire      31%        6-21      3%          3
 Stone Arrow              Conj/Erth      62%        3d10      3%          3
 Summon Guardian Golem    Hex/Summ       25%        N/A       4%          3
 Sandblast                Erth           10%        2d5       6%          1
 Passwall                 Tmut/Erth      4%         N/A       10%         2
 Ignite Poison            Fire/Tmut/Pois 5%         N/A       19%         3
 Sticky Flame             Conj/Fire      31%        2d5       11%         4
 Summon Lightning Spire   Summ/Air       5%         N/A       52%         4
 Orb of Destruction       Conj           27%        9d9       86%         7
 Spellforged Servitor     Conj/Summ      15%        N/A       100%        7
 Storm Form               Tmut/Air       2%         N/A       100%        7
 Maxwell's Capacitive Co  Air            2%         ∞         100%        8


Dungeon Overview and Level Annotations

Branches:
Dungeon (8/15)             Temple (0/1) D:4            Lair (0/6) D:8
Ossuary (visited)

Shops:
D:6 [

Annotations:
D:7 2 transporters, nickcage's ghost, novice DEIE


Innate Abilities, Weirdness & Mutations

You have an increased reservoir of magic. (+10% MP)
You shall have no god before yourself.
Your divine heritage dramatically boosts your attributes as you level up.


Message History

The magic dart hits the electric eel.
The electric eel is severely wounded.
Unknown command.
You start resting.
An electric eel is nearby!
Aiming: Magic Dart (safe; 1% risk of failure)
Press: ? - help, Q - select action, (/) - cycle Shift-Dir - straight line, f - electric eel
Aim: an electric eel (100% to hit)
The magic dart hits the electric eel.
The electric eel is moderately wounded.
The electric eel shoots out a bolt of lightning at you!
The bolt of electricity hits you!
* * * LOW HITPOINT WARNING * * *
Aiming: Magic Dart (safe; 1% risk of failure)
Press: ? - help, Q - select action, (/) - cycle Shift-Dir - straight line, f/p - electric eel
Aim: an electric eel (moderately wounded, 100% to hit)
The magic dart hits the electric eel.
The electric eel is moderately wounded.
The electric eel shoots out a bolt of lightning at you!
The bolt of electricity hits you!
* * * LOW HITPOINT WARNING * * *
The wolf howls!
Aiming: Magic Dart (safe; 1% risk of failure)
Press: ? - help, Q - select action, (/) - cycle Shift-Dir - straight line, f/p - electric eel
Aim: an electric eel (moderately wounded, 100% to hit)
The magic dart hits the electric eel.
The electric eel is heavily wounded.
The electric eel shoots out a bolt of lightning at you!
The bolt of electricity hits you!
* * * LOW HITPOINT WARNING * * *
The electric eel shoots out a bolt of lightning at you!
The bolt of electricity hits you.
* * * LOW HITPOINT WARNING * * *
The electric eel shoots out a bolt of lightning at you!
The bolt of electricity hits you.
* * * LOW HITPOINT WARNING * * *
There is a stone staircase leading up here.
The electric eel shoots out a bolt of lightning at you!
The bolt of electricity hits you!
You die...

.# # ######.###.#
.#......... ## ##
..........
.##.###.≈...≈≈.≈
.##.#...≈≈≈≈≈.≈
.#..#..≈.≈≈≈.≈
#.#.#...≈≈≈≈.≈
###.#@#....≈≈≈.≈
###........≈≈≈≈≈.≈
##.#.....#..≈≈≈≈≈..
#..........≈≈≈≈.$..
##.#.....#≈≈≈≈≈≈...
#.#...<.#≈≈≈≈≈≈...
#.###.###≈≈≈≈h≈.>.
#.###.#..≈≈≈S≈≈...
#.##..#.#≈≈≈≈≈.≈.≈


You could see a wolf and an electric eel.

Vanquished Creatures
  A troll (D:7)
  Grinder (D:3)
  Sigmund (D:2)
  Menkaure (D:6)
  2 ice beasts
  3 ogres (D:5)
  A black bear (D:7)
  A necrophage (D:6)
  A wolf (D:8)
  2 centaurs (D:6)
  Blork the orc (D:4)
  3 scorpions
  A water moccasin skeleton (D:6)
  4 killer bees (D:7)
  An electric eel (D:8)
  2 bullfrog zombies (D:6)
  4 hounds
  2 jellies (D:6)
  Crazy Yiuf (D:2)
  A centaur skeleton (D:5)
  An orc priest (D:4)
  Terence (D:2)
  2 orc wizards (D:4)
  An iguana (D:5)
  2 killer bee zombies (D:7)
  A hound zombie (D:5)
  A hound skeleton (D:2)
  4 mummies (Ossuary)
  Robin (D:2)
  A howler monkey skeleton (D:7)
  3 gnolls (D:7)
  13 adders
  A shadow imp (D:5)
  2 white imps
  An adder zombie (D:2)
  An adder skeleton (D:5)
  3 worms
  2 dart slugs
  20 orcs
  A bat zombie (D:2)
  8 endoplasms
  3 giant cockroaches
  12 goblins
  6 hobgoblins
  6 jackals
  5 quokkas
  2 ball pythons
  2 ball python zombies (D:2)
  6 bats
  4 frilled lizards
  3 gnoll skeletons (Ossuary)
  4 gnoll zombies (Ossuary)
  6 goblin skeletons (Ossuary)
  2 goblin zombies (Ossuary)
  3 hobgoblin skeletons (Ossuary)
  5 hobgoblin zombies (Ossuary)
  7 kobolds
  4 kobold skeletons (Ossuary)
  5 kobold zombies (Ossuary)
  6 orc skeletons (Ossuary)
  6 orc zombies (Ossuary)
  2 quokka skeletons (D:2)
  2 rats
  3 rat skeletons (Ossuary)
  3 rat zombies (Ossuary)
211 creatures vanquished.

Vanquished Creatures (others)
  3 fulminant prisms (D:7)
3 creatures vanquished.

Grand Total: 214 creatures vanquished

Notes
Turn   | Place    | Note
-------+----------+-------------------------------------------
     0 | D:1      | pkoi the Demigod Conjurer began the quest for the Orb.
     0 | D:1      | Reached XP level 1. HP: 14/14 MP: 5/5
   546 | D:1      | Reached XP level 2. HP: 20/20 MP: 5/7
   607 | D:1      | Reached skill level 4 in Conjurations
  1311 | D:2      | Noticed Sigmund
  1422 | D:2      | Noticed Terence
  1428 | D:1      | Learned a level 2 spell: Searing Ray
  2195 | D:2      | Reached XP level 3. HP: 21/26 MP: 1/9
  2427 | D:2      | Noticed Robin
  2559 | D:2      | Killed Robin
  3106 | D:3      | Reached XP level 4. HP: 33/33 MP: 8/10
  3125 | D:3      | Reached skill level 5 in Conjurations
  3157 | D:3      | Learned a level 4 spell: Iskenderun's Mystic Blast
  3652 | D:2      | Killed Sigmund
  3653 | D:2      | Reached XP level 5. HP: 8/38 MP: 2/12
  4003 | D:2      | Killed Terence
  4244 | D:2      | Found a runed translucent door.
  4245 | D:2      | Noticed Crazy Yiuf
  4595 | D:2      | Killed Crazy Yiuf
  4718 | D:3      | Reached XP level 6. HP: 45/45 MP: 11/13
  4863 | D:3      | Noticed Grinder
  5373 | D:3      | Killed Grinder
  5374 | D:3      | Reached skill level 6 in Conjurations
  6139 | D:4      | Noticed Blork the orc
  6147 | D:4      | Killed Blork the orc
  6148 | D:4      | Reached XP level 7. HP: 50/50 MP: 5/14
  6431 | D:4      | You fall into a shaft and drop 3 floors!
  6473 | D:7      | Found a sand-covered staircase.
  6478 | Ossuary  | Entered an ossuary
  8262 | D:7      | Learned a level 4 spell: Fulminant Prism
  8290 | D:7      | Noticed a sixfirhy
  8620 | D:7      | Found a transporter.
  8632 | D:6      | Reached skill level 1 in Hexes
  8632 | D:6      | Noticed Menkaure
  8683 | D:6      | Killed Menkaure
  8696 | D:6      | Reached skill level 7 in Conjurations
  8951 | D:6      | Reached skill level 5 in Translocations
  9028 | D:5      | Entered Level 5 of the Dungeon
  9238 | D:5      | Reached XP level 8. HP: 57/57 MP: 7/15
 10239 | D:4      | Found a staircase to the Ecumenical Temple.
 11556 | D:6      | Found Verux's Antique Armour Boutique.
 12013 | D:6      | Reached skill level 5 in Hexes
 12996 | D:7      | Reached skill level 8 in Conjurations
 12996 | D:7      | Reached XP level 9. HP: 62/62 MP: 7/16
 13284 | D:7      | Noticed nickcage's ghost (novice DEIE)
 13731 | D:7      | Found a transporter.
 14795 | D:7      | Reached skill level 1 in Fighting
 14884 | D:8      | Found a staircase to the Lair.
 14899 | D:8      | Killed from afar by an electric eel

Illustrated notes

Levels and vault maps discovered:
D:1:      erik_arrival_cave_to_civilisation [erik_arrival_cave_to_temple],
          layout_basic, ebering_ecumenical_altar_box, amethyst_killhole
D:2:      minmay_wonky_spiral, layout_basic, serial_undead, serial_undead_a,
          serial_undead_d, serial_undead_e, serial_undead_a, roderic_lattice_a,
          minmay_tetromino_o2, uniq_crazy_yiuf_cottage, uniq_terence,
          uniq_sigmund, uniq_robin
D:3:      layout_basic, kennysheep_generic_room_3, uniq_grinder
D:4:      layout_basic, minmay_temple_entry_sparse_star, kennysheep_nondescript,
          uniq_blork_the_orc
D:5:      layout_gridville, nicolae_ashenzari_skybound, minmay_misc_feat_rows,
          minivault_26, amcnicky_mini_rare_corridor_liquid,
          hangedman_abyss_or_decor_stagger
D:6:      layout_gridville, riverfiend_overflow_shadow_ancestor,
          marbit_many_paths, nicolae_overflow_crystal_walls,
          overflow_temple_1_default, general_overflow_altar, serial_shops,
          nicolae_shop_stone, uniq_menkaure
D:7:      layout_rooms, elyvilon_altar_1, gammafunk_ghost_abyssal_escape,
          enter_ossuary_2
D:8:      layout_loops_ring, lemuel_coloured_pillars_altar, erik_lair_island,
          serial_shops, kennysheep_little_box, nicolae_take_the_stairs, shop,
          shop, minmay_orc_keep, uniq_joseph

Skill      XL: |  1  2  3  4  5  6  7  8  9 |
---------------+----------------------------+-----
Spellcasting   | 2 3 |  3.3
Conjurations   | 4 5 6 7 8 |  8.3
Translocations | 2 3 5 6 |  6.0
Hexes          | 2 5 6 |  6.2
Dodging        | 2 |  2.3
Fighting       | 1 |  1.2
Stealth        | |  1.7

Action                   |  1- 3 |  4- 6 |  7- 9 || total
-------------------------+-------+-------+-------++-------
Melee: Short sword       |     4 |       |       ||     4
       Dagger            |       |       |    71 ||    71
       Punch             |       |       |     3 ||     3
 Cast: Magic Dart        |    86 |    84 |   190 ||   360
       Searing Ray       |     3 |    12 |    45 ||    60
       Iskenderun's Myst |       |       |     8 ||     8
       Fulminant Prism   |       |       |     3 ||     3
  Use: Potion            |     3 |       |       ||     3
       Scroll            |       |     6 |     4 ||    10
Armor: Robe              |     2 |     3 |    43 ||    48
Dodge: Dodged            |    15 |    10 |    78 ||   103
